 Dungeon Crawl Stone Soup version 0.28-a0-1286-g6bde065e89 (webtiles) character file.

Game seed: 5430524548102505435

21 Zonian the Gusty (level 2, -1/15 HPs)
             Began as a Tengu Air Elementalist on Dec 26, 2021.
             Was a Follower of Elyvilon.
             Hit by a boomerang thrown by an orc (6 damage)
             ... on level 2 of the Dungeon.
             The game lasted 00:01:06 (1278 turns).

Zonian the Gusty (Tengu Air Elementalist)           Turns: 1278, Time: 00:01:07

Health: -1/15      AC:  2    Str:  8    XL:     2   Next: 87%
Magic:  0/6        EV: 12    Int: 15    God:    Elyvilon [*.....]
Gold:   41         SH:  0    Dex: 14    Spells: 4/5 levels left

rFire   . . .      SeeInvis .   (no weapon)
rCold   . . .      Faith    .   (no shield)
rNeg    . . .      Spirit   .   a - +0 robe
rPois   .          Reflect  .   (helmet restricted)
rElec   .          Harm     .   (no cloak)
rCorr   .          Rampage  .   (no gloves)
Will    .....                   (boots unavailable)
Stlth   ++........              (no amulet)
HPRegen 0.05/turn               (no ring)
MPRegen 0.10/turn               (no ring)

@: no status effects
A: beak, talons 3
a: Renounce Religion, Purification


You were on level 2 of the Dungeon.
You worshipped Elyvilon.
Elyvilon was aware of your devotion.
You visited 1 branch of the dungeon, and saw 2 of its levels.

You collected 41 gold pieces.

Inventory:

Armour
 a - a +0 robe (worn)
Jewellery
 d - a ring of magical power
Potions
 b - a potion of might {unknown}
 c - a potion of heal wounds {unknown}


   Skills:
 + Level 2.5 Dodging
 + Level 2.3 Stealth
 + Level 2.2 Spellcasting
 + Level 2.0 Conjurations
 + Level 4.3 Air Magic


You had 4 spell levels left.
You knew the following spells:

 Your Spells              Type           Power      Damage    Failure   Level
a - Shock                 Conj/Air       44%        1d5       6%          1

Your spell library contained the following spells:

 Spells                   Type           Power      Damage    Failure   Level
 Static Discharge         Conj/Air       11%        N/A       9%          2
 Swiftness                Air            14%        N/A       11%         3
 Airstrike                Air            7%         N/A       36%         4


Dungeon Overview and Level Annotations

Branches:
Dungeon (2/15)

Altars:
Elyvilon


Innate Abilities, Weirdness & Mutations

You have a beak for a mouth.
You have claws for feet.


Message History

There are monsters nearby!
Unknown command.
You miscast Shock.
You are very lightly contaminated with residual magic.
Nothing appears to happen.
The zap misses the bat.
The bat hits you but does no damage. The orc barely misses you.
The zap misses the bat.
The bat closely misses you. The orc closely misses you.
The zap hits the orc.
The orc is moderately wounded.
The bat hits you but does no damage. The orc hits you but does no damage.
Unknown command.
Found 10 gold pieces.
The bat closely misses you.
The orc throws a boomerang.
The boomerang barely misses you. The bat barely misses you.
The bat hits you but does no damage.
Your magical contamination has completely faded away.
The zap hits the bat.
The bat is moderately wounded.
The zap misses the orc.
The bat hits you.
The orc throws a boomerang.
The boomerang hits you.
The zap hits the bat.
You kill the bat!
Unknown command.
You hit the orc but do no damage. Your kick misses the orc.
Your peck misses the orc.
The orc is moderately wounded.
The orc hits you with a +0 hand axe.
Unknown command.
Casting: Shock (safe; 6% risk of failure)
Confirm with . or Enter, or press ? or * to list all spells.
Aiming: Shock (safe; 6% risk of failure)
Press: ? - help, Shift-Dir - straight line, f - orc
Aim: an orc, wielding a +0 hand axe, wearing a +0 leather armour and quivering boomerangs (moderately wounded, 68% to hit)
The zap hits the orc but does no damage.
The orc is moderately wounded.
The orc hits you with a +0 hand axe.
Found a stone staircase leading up.
The orc throws a boomerang.
The boomerang hits you.
You die...

..............#
.............#
............#
..........#
.......<.#
.#.##...##
####.##.†.##
##...o...#..#
#.@.......#.#
#.....?.......#
#..............#
...<..........###
#.......$.....##
#.##.#...#...##
... #.#######.#
.. #. #.#


You could see an orc.

Vanquished Creatures
  2 endoplasms (D:1)
  A giant cockroach (D:1)
  2 goblins (D:1)
  A hobgoblin (D:1)
  2 jackals (D:1)
  3 kobolds (D:1)
  2 ball pythons (D:1)
  3 bats
  2 frilled lizards (D:1)
  3 rats (D:1)
21 creatures vanquished.

Notes
Turn   | Place    | Note
-------+----------+-------------------------------------------
     0 | D:1      | Zonian the Tengu Air Elementalist began the quest for the
                  | Orb.
     0 | D:1      | Reached XP level 1. HP: 10/10 MP: 4/4
   399 | D:1      | Reached XP level 2. HP: 15/15 MP: 0/6
   771 | D:1      | Found a faded altar of an unknown god.
   772 | D:1      | Noticed a golden eye
   774 | D:1      | Noticed an eye of devastation
   774 | D:1      | Noticed an eye of devastation
   774 | D:1      | Noticed a floating eye
   784 | D:1      | Prayed at the altar of an unknown god.
   784 | D:1      | Became a worshipper of Elyvilon the Healer
   784 | D:1      | Reached * piety under Elyvilon
  1278 | D:2      | Hit by a boomerang thrown by an orc

Illustrated notes

Levels and vault maps discovered:
D:1:      sevenhm_arrival_forest_fort_large_2, layout_rooms,
          hellmonk_ecumenical_altar_watching_god
D:2:      layout_rooms, nicolae_shop_unique_rings

Skill      XL: |  1  2 |
---------------+-------+-----
Conjurations   | 2 |  2.0
Dodging        | |  2.5
Stealth        | |  2.3
Spellcasting   | |  2.2
Air Magic      | |  4.3

Action                   || total
-------------------------++-------
Melee: Unarmed           ||     1
 Cast: Shock             ||    39
Armor: Robe              ||     4
Dodge: Dodged            ||     8

Table legend: (Time is in decaauts)
 A = Elapsed time spent in this place.
 B = Non-inter-level travel time spent in this place.
 C = Inter-level travel time spent in this place.
 D = Time resting spent in this place.
 E = Time spent auto-exploring this place.
 F = Levels seen in this place.
 G = Mean time per level.
                   A        B        C        D        E       F      G
               +--------+--------+--------+--------+--------+-----+--------+
         Total |   1277 |   1219 |     58 |    375 |    738 |   2 |  638.5 |
       Dungeon |   1277 |   1219 |     58 |    375 |    738 |   2 |  638.5 |
               +--------+--------+--------+--------+--------+-----+--------+

Top non-repeatable levels by time:
     D:1: 1259 daAuts
     D:2: 18 daAuts
